Map: Thunderbird LE

Players

papaya - Winner!

  • Race: Terran Terran
  • Spawn Location: 11:00

fireblaze

  • Race: Terran Terran
  • League: Diamond
  • Spawn Location: 5:00

VOD

Have the link to the VOD?

Description

Game vs unpauser (antagonist)

Time

  • Played on: Sept. 15, 2019, 9:16 p.m.
  • Length: 31:42
Show
View Real Time Build Order
Export as new Build Order

papaya Terran - Winner!

Build Orders: Command Center First (CC) 

Get SALT Encoding   

  12  0:01  SCV  
  13  0:13  SCV  
  14  0:19  Supply Depot  
  14  0:25  SCV  
  15  0:41  SCV  
  16  0:53  SCV  
  17  2:04  Command Center  
  17  2:06  Engineering Bay  
  17  2:07  Refinery  
  17  2:08  Refinery  
  17  2:14  SCV  
  17  2:15  Barracks  
  18  2:22  Command Center  
  18  2:26  SCV  
  19  2:38  SCV  
  20  2:51  SCV  
  21  2:53  Refinery x2  
  20  3:10  Barracks Tech Lab  
  19  3:13  SCV  
  20  3:32  Planetary Fortress  
  17  3:39  Planetary Fortress  
  13  4:00  Refinery  
  6  4:32  SCV  
  7  4:45  SCV  
  8  4:57  SCV  
  9  5:24  SCV  
  10  5:36  SCV  
  11  5:43  SCV  
  12  5:51  SCV  
  12  5:56  SCV  
  14  6:03  SCV  
  16  6:25  Factory  
  15  6:38  SCV  
  16  6:50  SCV  
  17  6:57  SCV  
  18  7:02  SCV  
  19  7:09  SCV  
  19  7:14  SCV  
  21  7:21  SCV  
  22  7:25  Starport  
  22  7:36  SCV  
  23  7:38  SCV  
  22  7:55  SCV  
  23  7:58  SCV  
  23  7:59  Starport  
  23  8:10  SCV  
  24  8:13  Starport Tech Lab  
  24  8:15  Refinery, SCV  
  25  8:22  SCV  
  26  8:27  SCV  
  27  8:39  SCV  
  27  8:49  Refinery  
  27  8:51  SCV  
  24  9:03  SCV  
  25  9:11  Engineering Bay  
  25  9:16  SCV  
  25  9:20  Banshee  
  28  9:28  SCV  
  29  9:35  Cloaking Field  
  26  9:40  SCV  
  26  9:47  SCV  
  27  9:58  SCV  
  28  10:04  Banshee  
  28  10:19  Supply Depot  
  28  10:25  Supply Depot  
  28  10:46  Viking  
  30  11:01  SCV  
  31  11:17  Planetary Fortress  
  31  11:35  Starport  
  31  11:37  Starport Tech Lab  
  31  11:52  Banshee  
  29  12:14  Viking  
  31  12:25  Supply Depot  
  31  12:35  Missile Turret  
  31  12:36  Command Center  
  31  12:46  Banshee  
  31  12:47  Missile Turret, SCV  
  21  13:06  SCV  
  16  13:18  SCV  
  13  13:25  Starport Tech Lab  
  13  13:30  SCV  
  11  13:42  SCV  
  12  13:49  SCV  
  12  13:50  Banshee  
  12  13:54  SCV  
  17  13:57  Starport Tech Lab  
  17  14:04  SCV  
  17  14:09  SCV  
  19  14:16  SCV  
  16  14:31  SCV  
  16  14:33  SCV  
  17  14:43  SCV  
  18  14:45  SCV  
  10  15:18  Banshee  
  13  15:24  SCV  
  13  15:36  SCV  
  14  15:48  SCV  
  14  16:01  SCV  
  15  16:13  SCV  
  16  16:24  Refinery  
  16  16:25  SCV  
  17  16:30  SCV  
  18  16:38  SCV  
  19  16:47  SCV  
  19  16:50  SCV  
  21  16:59  SCV  
  22  17:02  SCV  
  23  17:13  Planetary Fortress  
  23  17:14  SCV  
  24  17:19  Refinery  
  24  17:26  SCV  
  24  17:29  Refinery  
  22  17:41  SCV  
  23  17:48  Refinery  
  23  17:50  SCV  
  24  17:53  Banshee, SCV  
  28  18:00  Factory Tech Lab  
  28  18:02  SCV  
  28  18:05  SCV  
  30  18:14  SCV  
  30  18:17  SCV  
  32  18:26  SCV  
  33  18:29  SCV  
  34  18:36  Banshee  
  37  18:42  SCV  
  38  18:49  Supply Depot  
  38  19:02  Supply Depot  
  38  19:04  Missile Turret  
  38  19:10  Siege Tank, SCV x2  
  43  19:22  SCV x2  
  45  19:28  Banshee  
  48  19:34  SCV x2  
  50  19:42  Siege Tank  
  50  19:45  Starport  
  50  20:07  Command Center  
  50  20:10  SCV  
  50  20:11  Banshee  
  54  20:37  Starport Tech Lab  
  54  20:38  Supply Depot  
  54  20:59  SCV x2, Banshee, Siege Tank  
  59  21:11  SCV x2  
  60  21:23  SCV, Banshee  
  58  21:41  Siege Tank  
  58  21:42  Banshee  
  64  21:55  Planetary Fortress  
  61  22:06  Refinery, Viking  
  63  22:12  SCV x2  
  65  22:17  Armory  
  65  22:19  Missile Turret  
  65  22:20  Refinery  
  65  22:24  Refinery, SCV x2  
  65  22:25  Banshee  
  70  22:34  Missile Turret  
  70  22:36  SCV x2, Viking  
  74  22:50  Missile Turret  
  74  23:06  Banshee, Terran Vehicle And Ship Armor Level 1  
  74  23:10  Armory  
  74  23:11  SCV x2  
  74  23:12  Missile Turret  
  76  23:25  Banshee  
  76  23:32  SCV  
  77  23:43  Missile Turret  
  77  23:44  Supply Depot  
  77  23:52  Viking  
  77  23:53  SCV  
  77  23:54  SCV  
  68  24:08  Viking  
  68  24:09  Siege Tank  
  71  24:14  Missile Turret  
  68  24:22  Banshee  
  67  24:33  SCV  
  67  24:34  SCV x2  
  67  24:38  Banshee  
  73  24:41  Siege Tank  
  73  24:44  Missile Turret  
  76  24:46  SCV x2  
  78  24:54  SCV  
  78  24:58  SCV x2  
  81  25:05  Viking  
  81  25:07  SCV  
  84  25:13  Siege Tank  
  84  25:14  Command Center  
  84  25:18  Starport  
  84  25:19  Starport  
  84  25:33  Refinery  
  84  25:34  Refinery  
  84  25:39  Command Center  
  84  25:42  Terran Ship Weapons Level 1  
  84  25:43  Supply Depot x2  
  84  25:46  Terran Vehicle And Ship Armor Level 2  
  84  25:53  Refinery  
  84  25:56  Refinery  
  84  26:04  Banshee, Viking x2  
  84  26:06  Supply Depot  
  91  26:15  Siege Tank  
  92  26:34  Banshee, Viking  
  95  26:42  Starport Tech Lab  
  95  26:47  Banshee  
  98  26:58  Barracks  
  96  27:03  Planetary Fortress  
  96  27:04  Missile Turret, Viking  
  96  27:07  Hi-Sec Auto Tracking  
  98  27:17  Banshee  
  101  27:25  Missile Turret  
  101  27:30  Viking  
  100  27:51  Starport Reactor  
  100  28:01  SCV  
  100  28:03  Terran Ship Weapons Level 2, Terran Vehicle And Ship Armor Level 3  
  100  28:04  Neosteel Armor  
  100  28:05  Thor  
  100  28:13  SCV  
  100  28:22  Planetary Fortress  
  100  28:24  Missile Turret  
  100  28:25  SCV  
  100  28:26  Missile Turret  
  100  28:30  SCV x3  
  100  28:38  SCV  
  100  28:41  Banshee x3  
  100  28:42  SCV x2, Viking x2  
  100  28:43  SCV  
  100  28:49  Siege Tank  
  100  28:59  Factory  
  100  29:00  Factory x2  
  100  29:01  Factory x2  
  100  29:03  Missile Turret  
  100  29:04  Missile Turret  
  100  29:12  SCV x5  
  100  29:24  SCV x2  
  100  29:44  Factory Tech Lab x3  
  100  29:45  Factory Tech Lab x2  
  100  29:47  Factory Reactor  
  100  29:55  Supply Depot  
  100  29:56  Supply Depot  
  100  29:59  Supply Depot  
  100  30:12  Command Center  
  100  30:16  Banshee x2, Viking  
  100  30:17  Banshee, Viking  
  100  30:18  Siege Tank  
  100  30:20  Thor  
  100  30:33  SCV x2  
  100  30:40  Unknown  
  100  30:41  Unknown  
  100  31:27  Command Center  
  100  31:33  Supply Depot  
  100  31:35  Supply Depot  
Show
View Real Time Build Order
Export as new Build Order

fireblaze Terran 

Build Orders:  

Get SALT Encoding   

  12  0:00  SCV  
  13  0:13  SCV  
  14  0:17  Supply Depot  
  14  0:28  SCV  
  14  0:34  Refinery  
  15  0:41  SCV  
  16  0:53  SCV  
  17  1:10  Barracks  
  17  1:11  SCV  
  17  1:12  Barracks  
  18  1:24  SCV  
  19  1:36  SCV  
  20  1:48  SCV  
  21  1:58  Barracks Tech Lab  
  21  1:59  Barracks Tech Lab  
  21  2:06  Bunker  
  21  2:13  Orbital Command  
  21  2:19  Factory  
  21  2:20  Supply Depot  
  21  2:21  Marauder  
  23  2:30  Concussive Shells  
  22  2:42  Marauder  
  24  2:47  Marauder  
  26  3:06  Marauder  
  26  3:08  Bunker  
  28  3:21  Marauder  
  30  4:08  SCV  
  31  4:45  Marauder  
  31  4:50  SCV  
  31  4:52  Marauder  
  28  5:06  Marauder  
  30  5:13  SCV  
  31  5:17  Supply Depot  
  31  5:23  Factory  
  31  5:33  Factory Tech Lab  
  31  5:39  Marauder x2  
  35  5:51  Barracks  
  35  5:52  Cyclone  
  35  5:53  Barracks  
  35  5:54  Barracks x2  
  35  5:55  Barracks  
  38  6:22  Factory Tech Lab  
  38  6:23  Starport  
  38  6:29  SCV  
  39  6:34  Refinery  
  39  7:16  Cyclone  
  39  7:17  Marauder x2  
  46  7:23  Barracks Reactor x2  
  42  7:38  Liberator  
  45  8:16  Supply Depot  
  45  8:19  Marine x2  
  47  8:29  Supply Depot x4  
  47  8:30  Supply Depot  
  47  8:31  Supply Depot  
  47  8:32  Siege Tank, Marine x5  
  55  8:34  Supply Depot x2  
  55  8:35  Supply Depot  
  55  8:37  Marine x2  
  57  8:50  Marine x5  
  57  8:54  Supply Depot  
  62  8:55  Marine x2  
  64  9:08  Marine x5  
  69  9:13  Marine x2  
  71  9:26  Marine x5  
  71  9:30  Marine  
  71  9:31  Marine x3  
  80  9:43  Marine x5  
  85  9:48  Marine  
  85  9:49  Marine x3  
  78  10:01  Marine x5  
  78  10:06  Marine x2  
  78  10:07  Marine x2  
  84  10:19  Marine  
  85  10:22  Marine x4  
  85  10:24  Marine x4  
  93  10:37  Marine  
  82  11:23  Marine  
  82  11:24  Marine x8  
  85  11:41  Marine x2  
  12  15:38  Marine  
  10  16:02  Orbital Command  
  10  16:41  Barracks Reactor x2  
  10  16:43  Marine x2  
  12  17:20  Barracks Reactor  
  12  17:40  Marine x2  
  14  17:47  SCV  
  15  17:53  Command Center  
  15  18:00  SCV  
  16  18:22  SCV  
  18  18:34  SCV  
  18  18:46  SCV  
  18  18:48  Starport Reactor  
  19  18:50  Cyclone  
  22  18:58  SCV  
  24  19:11  Orbital Command  
  24  19:12  SCV  
  24  19:30  SCV  
  23  19:55  SCV  
  23  19:57  SCV  
  28  20:07  Siege Tank  
  28  20:09  SCV  
  28  20:13  SCV  
  30  20:24  SCV  
  30  20:25  SCV  
  32  20:32  Viking  
  34  20:36  SCV  
  34  20:37  SCV  
  27  21:41  SCV  
  27  21:42  SCV  
  24  22:03  Viking x2  
  24  22:06  SCV x2  
  30  22:09  Starport  
  30  22:14  Marine x5  
  30  22:15  Marine x2  
  36  22:16  Marine  
  36  22:18  SCV x2  
  36  22:19  Siege Tank  
  43  22:30  SCV x2  
  45  23:01  Siege Tank x2  
  51  23:14  Marine x5  
  51  23:15  Marine  
  51  23:19  Barracks Reactor  
  30  24:36  Refinery x2  
  30  24:38  SCV, Starport Tech Lab  
  30  24:39  SCV  
  30  24:42  Refinery  
  30  24:44  Refinery  
  32  24:46  Marine  
  32  24:47  Marine x11  
  44  25:04  Marine  
  44  25:05  Marine x11  
  56  25:15  SCV x2  
  58  25:22  Marine  
  58  25:23  Marine x2  
  58  25:27  SCV  
  58  25:28  SCV  
  63  25:36  Raven  
  65  25:46  SCV  
  65  25:47  SCV  
  67  25:53  Siege Tank  
Tags
 
Add a new tag
Caveats
  • Supply blocks, unpowered buildings, or Contaminate may cause inaccurate times.
  • Supply counts are checked every 10 seconds.